Map: Thunderbird LE

Players

Dolan

  • Race: Terran Terran
  • Spawn Location: 11:00

Silky - Winner!

  • Race: Zerg Zerg
  • Spawn Location: 5:00

VOD

Have the link to the VOD?

Description

Time

  • Played on: Sept. 6, 2019, 12:46 p.m.
  • Length: 25:45
Show
View Real Time Build Order
Export as new Build Order

Dolan Terran 

Build Orders: Gas First Reaper Expand, Hellion Opening, Mech 

Get SALT Encoding   

  12  0:01  SCV  
  13  0:13  SCV  
  14  0:18  Supply Depot  
  14  0:25  SCV  
  14  0:28  Refinery  
  15  0:39  SCV  
  16  0:44  Barracks  
  16  0:51  SCV  
  17  1:03  SCV  
  18  1:15  SCV  
  19  1:31  Orbital Command, Reaper  
  20  1:44  Command Center  
  20  1:56  SCV  
  20  1:58  Factory  
  21  2:06  Barracks Reactor  
  21  2:08  SCV  
  21  2:12  Supply Depot  
  22  2:15  Refinery  
  22  2:21  SCV  
  23  2:34  SCV  
  24  2:45  Starport  
  24  2:46  SCV  
  25  2:53  Marine  
  25  2:54  Hellion x2  
  25  2:58  SCV  
  31  3:00  Orbital Command  
  31  3:10  SCV  
  32  3:18  Barracks Tech Lab  
  32  3:19  Hellion x2  
  36  3:25  Fusion Core  
  36  3:28  SCV x2  
  38  3:43  Hellion x2  
  38  3:47  SCV x2  
  43  3:50  Supply Depot  
  43  3:59  SCV x2  
  45  4:10  Supply Depot  
  45  4:12  Battlecruiser  
  45  4:13  Supply Depot  
  45  4:17  SCV x2  
  53  4:31  Command Center  
  53  4:33  SCV x2  
  55  4:43  Refinery  
  55  4:44  Refinery  
  55  4:47  SCV x2  
  56  4:53  Supply Depot  
  56  4:59  SCV x2  
  58  5:04  Factory  
  58  5:05  Factory  
  58  5:11  SCV x2  
  60  5:15  Hellion x2  
  64  5:23  SCV x2  
  66  5:38  SCV x2  
  68  5:46  Hellion x2, Battlecruiser  
  78  5:50  Supply Depot  
  78  5:52  Factory Tech Lab x2  
  78  5:56  SCV x2  
  80  5:58  Weapon Refit  
  80  5:59  Orbital Command  
  80  6:08  SCV x2  
  80  6:11  Refinery  
  82  6:15  Refinery  
  82  6:16  Cyclone  
  82  6:17  Cyclone  
  88  6:20  SCV  
  88  6:21  SCV  
  90  6:30  Hellion  
  90  6:31  SCV, Hellion  
  95  6:33  SCV x2  
  97  6:41  Armory x2  
  97  6:50  Battlecruiser  
  103  6:57  SCV x2  
  103  6:58  SCV  
  106  7:09  Siege Tank  
  106  7:10  Supply Depot  
  106  7:11  Supply Depot  
  109  7:26  Factory  
  109  7:27  Factory  
  109  7:32  Siege Tank, SCV x3  
  109  7:33  Command Center  
  109  7:36  Terran Vehicle And Ship Armor Level 1, Terran Vehicle Weapons Level 1  
  115  7:46  Siege Tank  
  115  7:48  Hellion x2  
  122  7:53  SCV x3  
  125  8:01  Mag-Field Accelerator  
  125  8:02  Infernal Pre-Igniter  
  125  8:12  Supply Depot x2  
  125  8:13  Engineering Bay  
  125  8:15  Cyclone, SCV x3  
  125  8:19  Factory Tech Lab  
  131  8:20  Factory Reactor  
  131  8:28  Hellion  
  131  8:34  Cyclone, SCV x3, Hellion  
  138  8:40  Cyclone  
  144  8:47  Cyclone  
  147  8:49  Hellion  
  147  8:55  SCV x3, Hellion  
  154  8:56  Factory  
  154  8:57  Factory  
  154  8:58  Factory  
  154  9:08  Siege Tank  
  154  9:09  Hellion x2  
  161  9:15  Supply Depot  
  161  9:16  Supply Depot  
  161  9:22  Smart Servos  
  160  9:24  Siege Tank, Thor  
  169  9:33  Hellion  
  169  9:37  Hellion x3  
  177  9:40  Planetary Fortress  
  177  9:46  Factory Tech Lab x2, Siege Tank, Factory Reactor  
  177  9:49  Supply Depot  
  180  9:52  Supply Depot  
  180  9:54  Missile Turret  
  180  9:57  Missile Turret  
  180  9:58  Missile Turret  
  180  10:00  SCV x2  
  180  10:01  SCV, Missile Turret x2  
  180  10:02  Missile Turret  
  183  10:11  Siege Tank x2  
  189  10:17  SCV x2  
  189  10:18  SCV  
  189  10:19  SCV  
  193  10:29  SCV  
  193  10:30  Neosteel Armor  
  194  10:36  Refinery  
  194  10:38  Refinery  
  194  10:42  Command Center  
  194  10:45  Sensor Tower  
  194  10:49  Siege Tank, Missile Turret  
  197  10:50  Cyclone  
  200  11:25  Siege Tank x2, Hellion x2, Cyclone  
  194  11:27  Cyclone  
  186  11:50  Cyclone, Hellion x3  
  186  11:51  Hellion x2, Widow Mine  
  199  12:03  Terran Vehicle Weapons Level 2, Terran Vehicle And Ship Armor Level 2  
  199  12:04  Command Center x2  
  199  12:10  Hi-Sec Auto Tracking  
  177  12:16  Thor x3  
  184  12:25  Starport  
  184  12:26  Starport  
  165  12:39  Viking  
  165  12:40  Hellion x2  
  165  12:41  Hellion x4  
  174  12:45  Hellion x8, Thor x2  
  180  12:53  Planetary Fortress  
  180  13:01  Missile Turret  
  180  13:02  Missile Turret  
  180  13:03  Starport Reactor  
  180  13:04  Starport Reactor  
  180  13:05  Missile Turret  
  180  13:32  Viking  
  186  13:40  Viking x2  
  176  13:58  Viking x2  
  176  14:01  Hellion x2  
  176  14:02  Thor x2, Viking  
  178  14:03  Thor, Hellbat  
  200  14:11  Orbital Command  
  200  14:14  Orbital Command  
  200  14:49  Terran Vehicle And Ship Armor Level 3, Terran Vehicle Weapons Level 3  
  200  15:02  Advanced Ballistics  
  200  15:03  Sensor Tower  
  200  15:05  Refinery x2  
  200  15:15  Missile Turret  
  200  15:16  Missile Turret  
  200  15:18  Missile Turret  
  200  15:19  Missile Turret  
  200  15:20  Missile Turret  
  200  15:25  Sensor Tower  
  200  15:26  Missile Turret  
  200  15:28  Command Center, Missile Turret  
  200  15:29  Command Center, Missile Turret  
  200  15:31  Missile Turret  
  200  15:36  Orbital Command  
  200  16:04  Starport  
  200  16:06  Starport  
  200  16:20  Command Center x2  
  200  16:33  Liberator x4  
  200  16:34  Liberator x3  
  170  16:51  Thor x2  
  170  16:52  Thor x2  
  170  16:53  Hellion x2  
  191  16:58  Hellion x3  
  177  17:07  Hellion x2, Thor  
  181  17:17  Hellion  
  183  17:26  Terran Ship Weapons Level 1  
  183  17:28  Orbital Command  
  183  17:29  Orbital Command  
  183  17:34  Thor  
  189  17:39  Liberator  
  183  17:53  Thor x2  
  183  17:55  Starport Reactor x2  
  183  17:57  Hellion  
  189  18:20  Thor x2  
  191  18:33  Thor  
  194  18:35  Hellion x3  
  200  19:13  Liberator x4  
  200  19:14  Liberator  
  173  19:27  Liberator x3  
  173  19:28  Liberator  
  173  19:30  Hellion x6  
  169  19:33  Thor x3  
  169  19:34  Thor x2  
  197  19:51  Hellion, Missile Turret  
  197  19:52  Missile Turret  
  199  19:54  Missile Turret  
  199  19:56  Missile Turret  
  199  19:57  Missile Turret  
  199  20:19  Missile Turret  
  199  20:21  Missile Turret  
  167  20:37  Hellion x3  
  155  20:48  Liberator x5  
  152  20:55  Orbital Command  
  118  21:03  Thor x3  
  117  21:04  Hellion x4  
  117  21:05  Hellion x4  
  146  21:14  Liberator x4  
  148  21:26  Hellion x3  
  148  21:30  Hellion x2  
  148  21:31  Liberator  
  168  21:39  Thor  
  161  22:10  Hellion  
  161  22:11  Hellion x3  
  161  22:15  Thor  
  147  22:23  Thor  
  147  22:25  Viking  
  153  22:41  Viking x2  
  153  22:42  Hellion x2  
  153  22:43  Hellion x3  
  167  22:51  Refinery  
  167  22:52  Refinery, Planetary Fortress  
  167  22:56  Command Center  
  157  22:59  Command Center, Missile Turret  
  157  23:00  Viking  
  157  23:01  Missile Turret  
  148  23:20  Viking x2  
  148  23:21  Viking  
  148  23:22  Hellion x3  
  148  23:23  Hellion x2  
  158  23:37  Thor  
  158  23:38  Hellion x2  
  158  23:39  Hellion x2, Viking  
  174  23:43  Viking  
  174  23:46  Hellion x2  
  174  23:47  Hellion x2  
  184  23:55  Viking x2  
  186  24:16  Orbital Command x2  
  186  24:19  Orbital Command  
  186  24:23  Viking x3  
  189  24:36  Viking x2  
  189  24:37  Viking x2  
  166  25:14  Hellion x3  
Show
View Real Time Build Order
Export as new Build Order

Silky Zerg - Winner!

Build Orders: Hatch First, Brood Lord Corruptor 

Get SALT Encoding   

  12  0:00  Drone  
  13  0:15  Overlord  
  13  0:16  Drone  
  14  0:34  Drone x2  
  16  0:47  Hatchery  
  15  0:51  Drone  
  15  0:55  Drone  
  17  0:59  Drone  
  18  1:09  Extractor  
  17  1:13  Spawning Pool  
  17  1:16  Drone  
  17  1:20  Drone  
  18  1:30  Drone  
  19  1:41  Drone  
  20  1:51  Overlord  
  20  2:00  Queen x2, Zergling x2  
  25  2:02  Zergling x2  
  26  2:09  Metabolic Boost  
  26  2:11  Drone  
  26  2:14  Drone  
  28  2:29  Hatchery  
  27  2:31  Drone  
  27  2:34  Drone  
  29  2:43  Queen  
  31  2:47  Drone x2  
  33  2:52  Overlord  
  33  2:54  Drone  
  34  2:58  Drone  
  34  3:03  Drone  
  36  3:09  Overlord  
  36  3:14  Drone x4  
  36  3:16  Drone  
  40  3:21  Queen  
  40  3:24  Drone  
  40  3:27  Overlord  
  43  3:38  Drone x2  
  45  3:41  Drone  
  45  3:43  Queen  
  45  3:45  Lair, Drone  
  49  3:50  Drone x3  
  52  3:56  Roach Warren  
  52  3:59  Drone x2  
  52  4:00  Extractor  
  52  4:01  Drone, Extractor  
  52  4:03  Drone  
  52  4:07  Drone x2  
  55  4:12  Drone x3  
  58  4:17  Overlord  
  58  4:20  Queen  
  60  4:24  Queen  
  60  4:30  Overlord x2  
  62  4:33  Overlord  
  62  4:37  Drone  
  62  4:38  Drone  
  64  4:48  Spore Crawler, Spire  
  64  4:50  Spore Crawler x2  
  64  4:51  Drone x3  
  63  4:54  Zergling x2  
  63  4:55  Roach  
  66  5:00  Queen  
  66  5:02  Roach  
  66  5:04  Roach  
  66  5:05  Drone  
  73  5:08  Queen  
  73  5:10  Drone x2  
  73  5:12  Drone  
  73  5:14  Drone x2  
  79  5:18  Overlord  
  79  5:19  Overlord  
  80  5:22  Extractor  
  80  5:23  Drone x2  
  79  5:43  Drone x3  
  79  5:48  Drone x6  
  88  5:50  Extractor  
  88  5:51  Extractor  
  88  5:52  Drone x2  
  88  5:58  Drone x4  
  88  6:00  Hatchery  
  88  6:02  Zerg Flyer Armor Level 1  
  88  6:03  Overseer  
  91  6:04  Overlord x2  
  91  6:07  Corruptor  
  91  6:10  Drone  
  94  6:13  Corruptor  
  94  6:16  Corruptor  
  98  6:19  Glial Reconstitution  
  98  6:22  Corruptor  
  99  6:26  Corruptor  
  99  6:30  Overlord x2  
  99  6:32  Drone  
  102  6:34  Drone  
  102  6:35  Corruptor  
  102  6:37  Zergling x2  
  102  6:38  Zergling x2  
  107  6:44  Corruptor x2  
  111  6:49  Drone  
  111  6:50  Drone x4  
  116  6:55  Drone  
  116  6:56  Drone  
  116  6:58  Evolution Chamber x2  
  116  7:01  Corruptor  
  116  7:02  Corruptor  
  116  7:04  Drone  
  116  7:06  Overlord  
  121  7:13  Baneling Nest  
  121  7:14  Overseer  
  120  7:16  Overlord  
  120  7:19  Drone x3  
  120  7:20  Extractor, Drone x4  
  120  7:22  Extractor  
  125  7:24  Zerg Melee Weapons Level 1, Zerg Missile Weapons Level 1  
  125  7:26  Zergling x4  
  125  7:28  Ravager x3  
  125  7:29  Drone  
  131  7:35  Infestation Pit, Drone x4  
  134  7:39  Zergling x2, Roach x2  
  134  7:43  Overlord x2  
  139  7:48  Overlord  
  139  7:52  Overlord  
  135  8:06  Centrifical Hooks  
  135  8:07  Zerg Flyer Armor Level 2  
  135  8:11  Baneling x6  
  135  8:12  Drone x6  
  141  8:15  Spine Crawler, Hatchery  
  141  8:16  Ravager x2, Spine Crawler  
  141  8:18  Zergling x10  
  145  8:21  Pathogen Glands  
  145  8:26  Corruptor x2  
  147  8:28  Overseer  
  149  8:36  Queen  
  149  8:38  Hive  
  149  8:40  Roach x3  
  158  8:41  Zergling x4  
  158  8:45  Overlord x2  
  158  8:46  Pneumatized Carapace  
  159  8:51  Baneling x3  
  159  8:52  Baneling x5  
  159  8:53  Overseer  
  159  9:00  Infestor  
  159  9:02  Zergling x12  
  167  9:04  Overlord x2  
  167  9:08  Spine Crawler  
  166  9:12  Corruptor  
  166  9:13  Corruptor  
  170  9:18  Infestor  
  170  9:20  Zergling x8  
  170  9:21  Zergling x10  
  170  9:23  Overlord, Baneling x5  
  179  9:32  Corruptor  
  179  9:33  Corruptor  
  182  9:46  Infestor x2  
  182  9:48  Drone x5  
  182  9:51  Extractor  
  182  9:52  Spine Crawler  
  189  9:53  Spine Crawler  
  189  9:55  Spire  
  187  10:06  Zerg Missile Weapons Level 2  
  187  10:10  Overlord x3  
  187  10:13  Zerg Melee Weapons Level 2  
  187  10:15  Drone  
  187  10:20  Extractor  
  186  10:25  Greater Spire  
  186  10:27  Drone x3  
  189  10:31  Corruptor x3  
  195  10:40  Hatchery  
  194  10:44  Drone x3  
  194  10:45  Nydus Network, Spine Crawler  
  194  10:46  Spine Crawler  
  194  10:47  Spine Crawler  
  193  10:51  Drone x3  
  193  10:52  Drone x3  
  198  10:59  Spine Crawler  
  198  11:00  Spine Crawler  
  198  11:01  Spine Crawler, Baneling x2  
  193  11:04  Baneling  
  193  11:05  Baneling x3  
  193  11:11  Baneling x7  
  172  11:36  Brood Lord x2  
  172  11:37  Brood Lord x4  
  172  11:38  Corruptor x3  
  190  11:41  Brood Lord  
  172  11:50  Zergling x20, Roach x11  
  197  11:57  Zergling x2  
  197  11:58  Roach x2  
  171  12:19  Drone x7  
  171  12:20  Drone x4  
  171  12:22  Infestor x3  
  187  12:30  Zerg Flyer Weapons Level 1, Zerg Flyer Armor Level 3, Hatchery  
  187  12:32  Drone x3  
  185  12:44  Infestor  
  185  12:45  Infestor  
  189  12:55  Extractor  
  189  12:56  Extractor  
  187  13:00  Zergling x6  
  187  13:02  Overlord x2  
  190  13:06  Drone x3  
  190  13:09  Corruptor x3  
  199  13:15  Nydus Canal  
  199  13:27  Nydus Canal  
  192  13:47  Spine Crawler, Nydus Canal  
  190  13:49  Spine Crawler  
  190  13:50  Spine Crawler x2  
  190  13:52  Drone x3  
  190  13:53  Corruptor x2, Drone x4  
  190  13:54  Corruptor  
  200  14:02  Spore Crawler x2, Nydus Canal, Drone  
  200  14:07  Overlord x2  
  200  14:08  Overseer x2  
  195  14:46  Brood Lord x3  
  195  14:50  Spore Crawler, Hatchery  
  195  14:52  Spore Crawler x3  
  194  14:53  Spore Crawler x2  
  194  14:58  Viper x2  
  194  14:59  Brood Lord  
  198  15:00  Brood Lord  
  198  15:02  Neural Parasite, Extractor  
  197  15:07  Brood Lord  
  185  15:18  Drone x3  
  188  15:22  Spore Crawler x2  
  188  15:23  Spore Crawler  
  185  15:30  Zerg Flyer Weapons Level 2  
  185  15:41  Brood Lord x3  
  191  15:47  Zerg Melee Weapons Level 3  
  191  15:49  Zerg Ground Armor Level 1  
  191  15:50  Corruptor x4  
  191  15:54  Burrow  
  199  16:06  Spore Crawler x2  
  199  16:07  Spore Crawler  
  199  16:10  Drone  
  196  16:12  Corruptor  
  198  16:37  Hatchery  
  185  17:05  Drone  
  185  17:06  Drone x2  
  185  17:07  Infestor x2  
  185  17:08  Infestor x2  
  194  17:18  Queen x2  
  198  17:24  Overseer x2  
  198  17:39  Spine Crawler  
  198  17:40  Spine Crawler  
  198  17:41  Spine Crawler  
  198  17:42  Zergling x12, Spine Crawler  
  199  17:45  Spine Crawler  
  199  17:46  Zergling x8  
  199  18:02  Adrenal Glands  
  199  18:04  Zerg Flyer Weapons Level 3  
  199  18:06  Ultralisk Cavern  
  197  18:16  Zergling x4  
  198  18:24  Zerg Missile Weapons Level 3  
  192  18:45  Corruptor x4, Hatchery  
  197  19:09  Zergling x6  
  165  19:31  Brood Lord  
  165  19:32  Brood Lord x4  
  165  19:35  Brood Lord x3  
  165  19:37  Viper x3  
  186  19:40  Drone x3  
  189  20:01  Baneling x9  
  189  20:07  Hatchery  
  188  20:16  Brood Lord x2  
  188  20:17  Brood Lord  
  186  20:34  Infestor x3  
  186  20:35  Infestor  
  170  20:36  Corruptor x3  
  170  20:37  Corruptor x3  
  164  20:50  Infestor x4  
  144  20:59  Drone  
  144  21:00  Drone x4  
  144  21:02  Corruptor x6  
  147  21:17  Brood Lord x8  
  163  21:19  Overlord x3, Overseer  
  163  21:20  Overseer  
  163  21:21  Drone x2  
  163  21:24  Drone x4, Spine Crawler x2, Extractor  
  163  21:25  Extractor  
  165  21:26  Brood Lord x2, Spine Crawler  
  165  21:27  Brood Lord x2  
  172  21:38  Drone x3  
  174  21:42  Viper, Corruptor  
  174  21:43  Corruptor x6  
  174  21:46  Zergling x8  
  198  21:49  Roach x2  
  187  22:16  Zergling x12  
  187  22:19  Brood Lord  
  187  22:20  Brood Lord x2  
  197  22:28  Roach x2  
  195  22:39  Drone  
  195  22:44  Brood Lord  
  198  22:46  Baneling x10  
  198  22:50  Baneling x2  
  198  22:58  Corruptor x4  
  198  23:09  Ravager  
  199  23:17  Hatchery  
  190  23:40  Zergling x14  
  190  23:41  Zergling x2  
  198  23:42  Zergling x2  
  199  23:50  Unknown, Drone  
  199  23:52  Unknown  
  198  24:06  Baneling x14  
  198  24:09  Baneling x2  
  198  24:10  Baneling x2  
  198  24:39  Zergling x4  
  200  25:13  Corruptor x5  
Tags
 
Add a new tag
Caveats
  • Supply blocks, unpowered buildings, or Contaminate may cause inaccurate times.
  • Supply counts are checked every 10 seconds.